 Dungeon Crawl Stone Soup version 0.26.1-2-gb8aa6d0cf2 (webtiles) character file.

Game seed: 4015325420305037657

723 kalerat the Chopper (level 7, -12/62 HPs)
             Began as a Minotaur Berserker on Mar 15, 2021.
             Was a Priest of Trog.
             Mangled by an orc warrior
             ... wielding a +0 glaive
              (20 damage)
             ... on level 6 of the Dungeon.
             The game lasted 00:28:15 (5661 turns).

kalerat the Chopper (Minotaur Berserker)            Turns: 5661, Time: 00:28:16

Health: -12/62     AC:  9    Str: 23    XL:     7   Next: 43%
Magic:  6/6        EV: 10    Int:  4    God:    Trog [***...]
Gold:   415        SH:  0    Dex: 10    Spells: 6/6 levels left

rFire    + . .     SeeInvis .   a - +0 hand axe
rCold    + . .     Faith    .   (no shield)
rNeg     . . .     Spirit   .   o - +0 chain mail
rPois    .         Reflect  .   (helmet restricted)
rElec    .         Harm     .   (no cloak)
rCorr    .         Rampage  .   (no gloves)
Will     .....                  (no boots)
Stlth    ..........             (no amulet)
HPRegen  0.20/turn              y - ring of protection from cold
MPRegen  0.10/turn              B - ring of protection from fire

@: no status effects
A: retaliatory headbutt, horns 2
a: Renounce Religion, Berserk, Trog's Hand


You were on level 6 of the Dungeon.
You worshipped Trog.
Trog was most pleased with you.
You visited 1 branch of the dungeon, and saw 6 of its levels.

You collected 415 gold pieces.

Inventory:

Hand Weapons
 a - a +0 hand axe (weapon)
 n - a +0 falchion
 C - a +0 scythe
Missiles
 c - 173 stones (quivered)
 d - 129 arrows
 h - 73 bolts
 l - 51 sling bullets
 w - 27 poisoned darts
Armour
 o - a +0 chain mail (worn)
Jewellery
 y - a ring of protection from cold (left hand)
 B - a ring of protection from fire (right hand)
Scrolls
 b - a scroll of noise {unknown}
 i - 5 scrolls of remove curse
 j - a scroll of fear {unknown}
 k - a scroll of fog {unknown}
 m - a scroll of blinking
 p - 7 scrolls of magic mapping
 s - 3 scrolls of identify
 u - a scroll of enchant weapon {unknown}
 v - 3 scrolls of amnesia {unknown}
 A - 3 scrolls of teleportation {unknown}
 D - a scroll of enchant armour {unknown}
Potions
 e - a potion of berserk rage {unknown}
 f - a potion of resistance {unknown}
 g - a potion of cancellation {unknown}
 q - a potion of mutation {unknown}
 r - 6 potions of curing
 t - a potion of degeneration {unknown}
 x - 2 potions of haste
 z - a potion of attraction {unknown}
 E - a potion of brilliance {unknown}


   Skills:
 + Level 5.6 Fighting
 * Level 7.2 Axes
 + Level 4.9 Armour
 + Level 4.5 Dodging


You had 6 spell levels left.
You didn't know any spells.
Your spell library contained the following spells:

 Spells                   Type           Power        Failure   Level
 Animate Skeleton         Necr           0%           99%         1
 Apportation              Tloc           0%           99%         1
 Corona                   Hex            0%           99%         1
 Summon Small Mammal      Summ           0%           99%         1


Dungeon Overview and Level Annotations

Branches:
Dungeon (6/15)
 Temple: D:4-7

Altars:
Cheibriados
Dithmenos
Fedhas
Nemelex Xobeh
Okawaru
Qazlal
Sif Muna
Vehumet

Shops:
D:5 :


Innate Abilities, Weirdness & Mutations

You reflexively headbutt those who attack you in melee.
You have a pair of horns on your head.


Message History

An orc priest comes into view. It is wielding a +0 whip.
The orc warrior closely misses you.
You hit the orc warrior but do no damage.
You headbutt the orc warrior.
The orc warrior is heavily wounded.
You barely miss the orc warrior.
You headbutt the orc warrior, but do no damage.
The orc warrior is heavily wounded.
The orc warrior hits you with a +0 glaive!
The phantom blinks!
The orc priest calls down the wrath of Beogh upon you.
Beogh smites you!
* * * LOW HITPOINT WARNING * * *
The orc warrior hits you from afar with a +0 glaive.
* * * LOW HITPOINT WARNING * * *
The phantom blinks!
There is a stone staircase leading up, spattered with blood here.
You can't go down here!
The orc warrior hits you from afar with a +0 glaive!!
You die...

... ... .W# #.#
##o#
..#######..#####..
.......)..o.......
#..@.ยง# #...#...#
#..........#
#............
#......#...#.#
#......#.....#
#.....##......
...... ..?...##


You could see a phantom, an orc warrior and an orc priest.

Vanquished Creatures
  Sigmund (D:5)
  An ice beast (D:4)
  A phantom (D:4)
  A bullfrog (D:5)
  A bullfrog skeleton (D:5)
  Natasha (thrice) (D:3)
  3 worker ants
  A gnoll (D:2)
  4 adders (D:2)
  A shadow imp (D:5)
  2 white imps (D:5)
  An ooze (D:1)
  An adder skeleton (D:4)
  2 dart slugs
  2 worms (D:2)
  4 leopard geckos
  3 orcs
  5 giant cockroaches
  9 goblins
  5 hobgoblins
  10 jackals
  4 quokkas
  A ball python (D:1)
  11 bats
  A frilled lizard (D:1)
  12 kobolds
  7 rats
  4 bushes (D:3)
101 creatures vanquished.

Vanquished Creatures (others)
  4 fungi (D:3)
  25 plants
29 creatures vanquished.

Grand Total: 130 creatures vanquished

Notes
Turn   | Place    | Note
-------+----------+-------------------------------------------
     0 | D:1      | kalerat the Minotaur Berserker began the quest for the Orb.
     0 | D:1      | Reached XP level 1. HP: 19/19 MP: 0/0
   133 | D:1      | Reached XP level 2. HP: 23/27 MP: 1/1
   136 | D:1      | Reached skill level 4 in Axes
   434 | D:1      | Reached XP level 3. HP: 33/33 MP: 2/2
   650 | D:1      | Reached ** piety under Trog
  1299 | D:2      | Reached XP level 4. HP: 29/40 MP: 3/3
  1411 | D:2      | Found a faded altar of an unknown god.
  1520 | D:2      | Reached skill level 5 in Axes
  1984 | D:3      | Found a shadowy altar of Dithmenos.
  1985 | D:3      | Found an iron altar of Okawaru.
  1992 | D:3      | Found a shimmering blue altar of Sif Muna.
  1992 | D:3      | Found a radiant altar of Vehumet.
  2122 | D:3      | Found a snail-covered altar of Cheibriados.
  2140 | D:3      | Found a sparkling altar of Nemelex Xobeh.
  2177 | D:3      | Noticed Natasha
  2186 | D:3      | Killed Natasha
  2187 | D:3      | Reached XP level 5. HP: 43/47 MP: 4/4
  2455 | D:3      | Found a blossoming altar of Fedhas.
  2464 | D:3      | Found a stormy altar of Qazlal.
  2636 | D:3      | Noticed Natasha
  2649 | D:3      | Killed Natasha
  2887 | D:3      | Noticed Natasha
  2896 | D:3      | Killed Natasha
  3178 | D:4      | Reached *** piety under Trog
  3916 | D:4      | Noticed a phantom
  4146 | D:4      | Killed a phantom
  4147 | D:4      | Reached skill level 6 in Axes
  4147 | D:4      | Reached XP level 6. HP: 21/55 MP: 5/5
  4394 | D:4      | You fall into a shaft and drop 1 floor!
  4394 | D:5      | Entered Level 5 of the Dungeon
  4414 | D:5      | Noticed an ice beast
  4457 | D:4      | Killed an ice beast
  4458 | D:4      | Reached skill level 5 in Fighting
  4738 | D:5      | Noticed Sigmund
  4747 | D:5      | Killed Sigmund
  4748 | D:5      | Reached skill level 7 in Axes
  4748 | D:5      | Reached XP level 7. HP: 58/61 MP: 6/6
  4812 | D:5      | Found a shimmering blue altar of Sif Muna.
  5118 | D:5      | Found Onneqavo's Book Shoppe.
  5661 | D:6      | Mangled by an orc warrior

Illustrated notes

Levels and vault maps discovered:
D:1:      minmay_arrival_four_loops, layout_basic, st_stairs_1,
          hangedman_abyss_or_decor_lesser_grid, serial_bayou_lagoon_a,
          chequers_serial_rivers_small_3, chequers_mini_garden,
          wander_ebering_terrifying_dragon_lair
D:2:      minmay_angry_zag, layout_loops_ring, chequers_ecumenical_altar_island
D:3:      layout_basic, grunt_temple_overflow_forces_of_nature,
          nemelex_xobeh_ov_fountains_minmay, grunt_temple_overflow_open,
          cheibriados_altar_1, uniq_natasha
D:4:      layout_gridville, corexii_corridor_pit
D:5:      layout_rooms, serial_shops, shop, led_sif_pool, uniq_sigmund
D:6:      layout_rooms, nicolae_overflow_hidden_temple,
          nemelex_lonely_heart_becter

Skill      XL: |  1  2  3  4  5  6 |
---------------+-------------------+-----
Axes           | 4 5 6 7 |  7.2
Fighting       | 4 5 |  5.6
Armour         | 3 4 |  4.9
Dodging        | 3 4 |  4.5

Action                   |  1- 3 |  4- 6 |  7- 9 || total
-------------------------+-------+-------+-------++-------
Melee: Hand axe          |    89 |   360 |    25 ||   474
       Headbutt          |     8 |   119 |     7 ||   134
Throw: Stone             |    17 |    20 |       ||    37
Invok: Berserk           |     1 |     4 |       ||     5
  Use: Scroll            |       |     5 |       ||     5
Armor: Animal skin       |    24 |       |       ||    24
       Scale mail        |    14 |    27 |       ||    41
       Chain mail        |       |    31 |    21 ||    52
Dodge: Dodged            |    84 |    69 |    20 ||   173
